Map: Disco Bloodbath LE

Players

Mez

  • Race: Terran Terran
  • League: Master
  • Spawn Location: 9:00

A.I. 1 (Very Easy) - Winner!

  • Race: Protoss Protoss
  • Spawn Location: 3:00

VOD

Have the link to the VOD?

Description

Time

  • Played on: Aug. 21, 2019, 11:34 a.m.
  • Length: 3:07
Show
View Real Time Build Order
Export as new Build Order

Mez Terran 

Build Orders: Reaper Expand 

Get SALT Encoding   

  12  0:01  SCV  
  13  0:13  SCV  
  14  0:17  Supply Depot  
  14  0:25  SCV  
  15  0:39  SCV  
  15  0:41  Barracks  
  16  0:46  Refinery  
  16  0:51  SCV  
  17  1:03  SCV  
  18  1:17  SCV  
  19  1:30  Orbital Command  
  19  1:31  Reaper  
  20  1:40  Command Center  
  20  1:54  Bunker  
  20  1:55  Supply Depot  
  20  1:58  SCV  
  21  2:03  Marine  
  22  2:12  SCV  
  23  2:23  Barracks Reactor  
  23  2:27  SCV  
  24  2:36  Factory  
  25  2:45  Command Center  
  25  2:46  SCV  
Show
View Real Time Build Order
Export as new Build Order

A.I. 1 (Very Easy) Protoss - Winner!

Build Orders:  

Get SALT Encoding   

  12  0:00  Probe  
  13  0:13  Probe  
  14  0:19  Pylon  
  14  0:36  Assimilator  
  14  0:42  Gateway  
  14  0:46  Pylon  
  14  1:14  Assimilator  
  14  1:16  Probe  
  14  1:25  Probe  
  15  1:31  Cybernetics Core  
  16  1:33  Probe  
  17  1:43  Probe  
  18  1:55  Probe  
  19  2:03  Probe  
  20  2:10  Stalker  
Tags
 
Add a new tag
Caveats
  • Supply blocks, unpowered buildings, or Contaminate may cause inaccurate times.
  • Supply counts are checked every 10 seconds.